Map: Abyssal Reef LE

Players

Raif

  • Race: Zerg Zerg
  • League: Diamond
  • Spawn Location: 5:00

Dessa - Winner!

  • Race: Zerg Zerg
  • League: Diamond
  • Spawn Location: 11:00

VOD

Have the link to the VOD?

Description

Time

  • Played on: Dec. 22, 2017, 5:12 p.m.
  • Length: 13:11
Show
View Real Time Build Order
Export as new Build Order

Raif Zerg 

Build Orders: Hatch First, Lurkers 

Get SALT Encoding   

  12  0:01  Drone  
  13  0:08  Drone  
  14  0:16  Overlord  
  14  0:23  Extractor  
  14  0:24  Drone  
  15  0:35  Drone x2  
  17  0:46  Drone  
  18  0:57  Hatchery  
  18  1:03  Drone  
  18  1:13  Spawning Pool  
  18  1:15  Extractor  
  18  1:18  Drone  
  17  1:21  Drone  
  18  1:28  Drone  
  19  1:40  Drone  
  20  1:49  Overlord  
  20  2:00  Queen  
  22  2:07  Zergling x2  
  23  2:11  Queen  
  23  2:13  Drone x2  
  27  2:25  Metabolic Boost  
  27  2:32  Hatchery  
  27  2:35  Zergling x2  
  27  2:37  Drone  
  27  2:38  Drone  
  29  2:52  Baneling Nest  
  28  3:10  Drone x8  
  35  3:28  Overlord  
  35  3:35  Baneling  
  35  3:37  Extractor, Queen  
  36  3:43  Overlord  
  36  3:46  Drone  
  36  3:47  Drone x5  
  42  3:53  Roach Warren  
  41  3:56  Queen  
  42  4:10  Extractor  
  42  4:12  Drone x3  
  42  4:13  Drone x2  
  42  4:16  Roach Warren  
  45  4:36  Roach  
  45  4:37  Roach x4  
  55  4:39  Overlord x2  
  55  4:40  Lair  
  55  5:07  Overlord  
  55  5:10  Roach x7  
  69  5:19  Drone  
  69  5:20  Drone x3  
  73  5:29  Hatchery  
  72  5:43  Drone x3  
  72  5:44  Evolution Chamber  
  72  5:45  Evolution Chamber  
  72  5:49  Glial Reconstitution  
  73  5:50  Overseer  
  73  5:53  Overseer  
  73  6:02  Roach x4  
  81  6:18  Overlord x3  
  81  6:37  Zerg Ground Armor Level 1, Zerg Missile Weapons Level 1  
  81  6:40  Extractor  
  81  6:41  Drone  
  81  6:42  Drone x5  
  81  6:43  Roach x8  
  102  6:55  Ravager x2  
  102  6:56  Ravager  
  102  6:58  Drone  
  102  6:59  Drone x6  
  112  7:21  Overlord  
  112  7:22  Hydralisk Den  
  112  7:26  Extractor  
  110  7:36  Extractor  
  109  7:37  Ravager  
  109  7:38  Ravager x2  
  112  7:46  Overlord x3  
  112  7:47  Overlord  
  112  8:06  Drone x2  
  112  8:07  Drone  
  112  8:08  Drone x3  
  118  8:14  Drone x5, Spine Crawler  
  118  8:15  Drone x2  
  124  8:22  Hydralisk x5, Muscular Augments  
  124  8:24  Hatchery, Lurker Den  
  124  8:25  Overlord x3  
  124  8:26  Overlord  
  132  8:59  Zerg Missile Weapons Level 2  
  132  9:00  Zerg Ground Armor Level 2  
  132  9:03  Spine Crawler  
  132  9:05  Spine Crawler  
  130  9:11  Extractor, Queen  
  130  9:13  Overlord x4  
  130  9:16  Extractor, Hydralisk x9  
  148  9:39  Roach x8  
  148  9:40  Roach x4  
  108  10:14  Hydralisk  
  108  10:15  Hydralisk x12  
  132  10:31  Drone x3  
  135  10:42  Roach  
  130  10:43  Roach x9  
  130  10:45  Lurker  
  130  10:47  Lurker  
  130  10:48  Lurker  
  151  10:58  Drone x3  
  151  10:59  Drone x4  
  158  11:07  Lurker x2  
  158  11:08  Lurker x2  
  156  11:45  Hydralisk  
  156  11:46  Hydralisk x14  
  179  12:11  Spire  
  178  12:27  Infestation Pit  
  177  12:43  Spine Crawler  
  176  12:45  Hatchery, Spore Crawler  
  176  12:46  Drone x8  
  176  12:47  Drone x2  
  176  12:48  Spine Crawler  
Show
View Real Time Build Order
Export as new Build Order

Dessa Zerg - Winner!

Build Orders: Pool First, Lurkers 

Get SALT Encoding   

  12  0:01  Drone  
  13  0:14  Overlord  
  13  0:19  Drone  
  14  0:33  Drone x2  
  16  0:38  Drone  
  16  0:41  Extractor  
  16  0:47  Drone  
  17  0:53  Spawning Pool  
  16  0:59  Drone  
  17  1:20  Hatchery  
  17  1:23  Drone  
  17  1:28  Drone  
  17  1:32  Drone  
  19  1:42  Queen  
  21  1:50  Metabolic Boost  
  21  1:54  Zergling x2  
  21  2:00  Overlord  
  22  2:21  Drone x2  
  24  2:26  Drone  
  25  2:31  Baneling Nest  
  25  2:33  Queen  
  25  2:36  Queen  
  26  2:41  Drone  
  26  2:43  Drone  
  30  2:48  Drone  
  31  2:56  Drone  
  32  3:00  Overlord  
  31  3:14  Drone x2  
  31  3:15  Drone x2  
  35  3:30  Drone x2  
  37  3:34  Roach Warren  
  37  3:37  Drone x2  
  37  3:38  Drone  
  39  3:45  Overlord  
  39  3:47  Overlord  
  39  3:51  Pneumatized Carapace  
  39  4:04  Zergling x8  
  39  4:07  Drone x2, Hatchery  
  44  4:15  Overlord  
  44  4:20  Overlord  
  44  4:24  Baneling x3  
  44  4:33  Drone x2  
  44  4:34  Drone, Extractor  
  44  4:35  Drone x2, Extractor  
  44  4:37  Lair  
  48  4:38  Drone  
  48  5:08  Drone x3  
  51  5:14  Evolution Chamber  
  51  5:15  Drone x2, Overlord, Evolution Chamber  
  51  5:17  Overlord  
  51  5:18  Queen  
  57  5:21  Roach x4  
  57  5:26  Roach x2  
  65  5:36  Roach  
  65  5:37  Drone x2  
  65  5:38  Drone x2  
  65  5:39  Roach x3  
  65  5:42  Overlord  
  77  5:45  Zerg Ground Armor Level 1, Zerg Missile Weapons Level 1  
  77  5:51  Extractor  
  77  5:52  Drone  
  77  5:53  Drone x2  
  77  5:54  Overlord  
  77  5:55  Drone  
  80  6:00  Roach x2  
  84  6:08  Roach x2  
  84  6:09  Roach  
  90  6:12  Glial Reconstitution  
  90  6:19  Queen  
  92  6:33  Unknown  
  92  6:43  Drone x4  
  92  6:44  Drone x2  
  92  6:45  Drone x2  
  92  6:46  Roach  
  92  6:47  Roach x2  
  106  6:51  Hydralisk Den, Overlord  
  105  6:54  Drone  
  104  7:11  Roach x5  
  104  7:13  Overlord x2  
  113  7:24  Muscular Augments  
  113  7:28  Unknown  
  113  7:43  Drone x3  
  113  7:44  Drone x3  
  118  7:47  Extractor x2  
  118  7:51  Drone x3  
  118  7:52  Overlord x2  
  118  7:53  Roach x4  
  118  7:54  Ravager  
  118  7:56  Overlord  
  129  8:05  Zerg Ground Armor Level 2, Zerg Missile Weapons Level 2  
  129  8:09  Hatchery  
  129  8:10  Overlord  
  129  8:12  Roach x2  
  132  8:13  Ravager x3  
  132  8:15  Ravager  
  132  8:17  Unknown  
  136  8:23  Ravager, Unknown  
  136  8:24  Ravager  
  136  8:26  Overlord  
  138  8:31  Overlord  
  138  8:50  Roach x4, Hydralisk x5  
  138  8:51  Hydralisk x2  
  160  9:12  Drone x2  
  160  9:13  Spine Crawler  
  160  9:14  Spine Crawler  
  160  9:18  Extractor  
  160  9:20  Extractor  
  158  9:37  Queen  
  160  9:44  Lurker Den  
  159  9:47  Unknown x2  
  122  10:01  Hydralisk x2  
  122  10:02  Roach x5  
  122  10:03  Roach  
  105  10:14  Hydralisk  
  105  10:15  Roach x3, Hydralisk x3  
  105  10:16  Roach x8  
  105  10:17  Roach x5  
  127  10:26  Overlord  
  127  10:27  Overlord  
  127  10:28  Overlord  
  127  10:29  Overlord  
  127  10:49  Overlord  
  127  10:52  Hydralisk  
  127  10:53  Hydralisk x5  
  127  10:55  Zergling x14  
  146  11:02  Drone x2  
  146  11:03  Drone  
  146  11:04  Drone x3  
  152  11:05  Drone x3  
  155  11:14  Drone, Infestation Pit  
  155  11:22  Lurker x4  
  155  11:24  Lurker x5  
  155  11:25  Lurker x2  
  160  11:43  Roach x2, Hydralisk x4  
  160  11:44  Roach, Hydralisk x3  
  180  12:08  Roach  
  180  12:09  Roach x9  
  200  12:29  Overseer  
  200  12:49  Extractor x2  
  200  12:50  Hatchery  
Tags
 
Composition
LurkersLurkers
Matchup
ZvZ
Race
Zerg
Replay Pack
2017S4
Spawn Locations
Cross Positions
Add a new tag
Caveats
  • Supply blocks, unpowered buildings, or Contaminate may cause inaccurate times.
  • Supply counts are checked every 10 seconds.